Map: Ascension to Aiur LE

Players

black

  • Race: Protoss Protoss
  • League: Gold
  • Spawn Location: 5:00

Juxtapose - Winner!

  • Race: Terran Terran
  • League: Gold
  • Spawn Location: 11:00

VOD

https://youtu.be/wCwB4dmbqD0

Description

My second match on the Balance Test Mod pitted me against another Gold League opponent, which was great since this match should be more on par with my skills.

I got Terran, and decided to play pretty traditionally save that I'm mixing in Cyclones as opposed to Widow Mines or Siege Tanks.

One thing I've noticed with the Balance Test Mod though, and it might just be me, but it seems to me that Minerals come in slower; and I don't just mean via Mule use.

I might be mistaken though.

Time

  • Played on: Aug. 20, 2017, 4:09 p.m.
  • Length: 9:01
Show
View Real Time Build Order
Export as new Build Order

black Protoss 

Build Orders:  

Get SALT Encoding   

  12  0:02  Probe (Chrono Boost)  
  13  0:14  Pylon  
  13  0:19  Probe (Chrono Boost)  
  14  0:32  Probe (Chrono Boost)  
  15  0:35  Gateway  
  15  0:40  Assimilator  
  15  0:45  Probe (Chrono Boost)  
  17  0:57  Probe (Chrono Boost)  
  17  1:03  Probe (Chrono Boost)  
  18  1:12  Pylon, Probe (Chrono Boost)  
  19  1:23  Cybernetics Core  
  19  1:24  Probe (Chrono Boost)  
  20  1:36  Probe (Chrono Boost)  
  21  1:40  Warp Gate  
  21  1:45  Pylon  
  22  1:48  Probe (Chrono Boost)  
  22  2:00  Adept, Probe (Chrono Boost)  
  25  2:12  Probe (Chrono Boost)  
  26  2:31  Nexus, Sentry  
  26  2:32  Pylon  
  28  2:44  Probe (Chrono Boost)  
  29  2:47  Gateway  
  29  2:49  Pylon  
  29  2:56  Probe (Chrono Boost)  
  29  2:58  Sentry  
  32  3:08  Probe (Chrono Boost)  
  32  3:11  Assimilator  
  33  3:14  Gateway  
  34  3:20  Probe (Chrono Boost)  
  34  3:32  Probe (Chrono Boost)  
  35  3:40  Pylon  
  35  3:44  Probe (Chrono Boost)  
  35  3:45  Probe (Chrono Boost)  
  35  3:46  Sentry  
  35  3:47  Adept  
  42  3:56  Probe (Chrono Boost)  
  42  3:57  Pylon, Probe (Chrono Boost)  
  43  4:08  Probe (Chrono Boost)  
  43  4:09  Robotics Facility, Probe (Chrono Boost)  
  45  4:12  Adept  
  45  4:16  Adept  
  49  4:20  Probe (Chrono Boost)  
  49  4:21  Probe (Chrono Boost)  
  51  4:27  Pylon  
  51  4:30  Adept  
  54  4:33  Probe (Chrono Boost)  
  54  4:34  Probe (Chrono Boost)  
  54  4:36  Adept  
  57  4:43  Probe (Chrono Boost), Stalker  
  60  4:48  Stargate, Probe (Chrono Boost)  
  60  4:49  Probe (Chrono Boost)  
  61  4:54  Assimilator  
  61  4:57  Zealot, Observer  
  65  5:00  Probe (Chrono Boost)  
  65  5:01  Adept  
  65  5:05  Probe (Chrono Boost)  
  69  5:12  Probe (Chrono Boost)  
  70  5:15  Pylon  
  70  5:17  Probe (Chrono Boost)  
  70  5:19  Adept, Zealot  
  75  5:24  Probe (Chrono Boost)  
  75  5:25  Zealot  
  79  5:30  Pylon, Probe (Chrono Boost)  
  79  5:31  Observer  
  81  5:36  Probe (Chrono Boost)  
  81  5:42  Assimilator  
  81  5:48  Probe (Chrono Boost)  
  82  5:53  Adept  
  82  5:54  Adept x2  
  82  5:55  Nexus  
  88  5:57  Pylon  
  88  5:58  Oracle  
  89  6:18  Adept x3  
  85  6:23  Warp Prism  
  85  6:25  Probe (Chrono Boost)  
  90  6:26  Forge  
  90  6:28  Forge  
  92  6:35  Probe (Chrono Boost)  
  92  6:36  Gateway  
  92  6:37  Gateway, Probe (Chrono Boost)  
  93  6:55  Protoss Ground Weapons Level 1, Protoss Ground Armor Level 1  
  93  6:57  Observer  
  94  7:10  Zealot  
  94  7:13  Photon Cannon  
  94  7:14  Probe (Chrono Boost)  
  97  7:17  Twilight Council  
  97  7:26  Probe (Chrono Boost)  
  97  7:27  Probe (Chrono Boost)  
  97  7:29  Adept  
  101  7:30  Adept  
  101  7:34  Probe (Chrono Boost)  
  105  7:38  Probe (Chrono Boost)  
  105  7:39  Probe (Chrono Boost)  
  106  7:46  Probe (Chrono Boost)  
  106  7:50  Probe (Chrono Boost)  
  96  7:53  Adept x2  
  96  7:54  Adept x3  
  84  8:25  Adept x5  
  74  8:51  Adept x4  
Show
View Real Time Build Order
Export as new Build Order

Juxtapose Terran - Winner!

Build Orders: MMM Bio 

Get SALT Encoding   

  12  0:01  SCV  
  13  0:13  SCV  
  14  0:21  Supply Depot  
  14  0:25  SCV  
  16  0:42  SCV  
  16  0:45  Barracks  
  16  0:48  Supply Depot  
  16  0:54  SCV  
  17  1:07  SCV  
  18  1:19  SCV  
  18  1:25  Refinery  
  19  1:26  Refinery  
  19  1:32  Orbital Command  
  19  1:36  Barracks  
  19  1:50  Supply Depot  
  19  2:01  SCV  
  19  2:05  Barracks Reactor  
  20  2:13  SCV  
  21  2:16  Supply Depot  
  21  2:25  Factory  
  21  2:31  Engineering Bay  
  21  2:32  SCV  
  21  2:35  Barracks Tech Lab  
  22  2:44  SCV  
  23  2:45  Marine x2  
  25  2:57  Marauder  
  27  2:59  Stimpack  
  27  3:06  Missile Turret  
  27  3:08  Marine x2  
  29  3:22  Factory Reactor  
  29  3:27  Starport  
  29  3:31  SCV  
  30  3:40  Terran Infantry Weapons Level 1  
  30  3:42  Marine x2  
  30  3:47  Marauder  
  34  4:01  Cyclone  
  37  4:09  Starport Tech Lab  
  37  4:17  Marine x3  
  40  4:31  Command Center  
  40  4:34  Marine  
  41  4:41  SCV  
  41  4:43  Missile Turret  
  41  4:45  Medivac  
  44  4:58  Marine  
  44  4:59  Marine x2  
  47  5:20  Supply Depot  
  47  5:41  Cyclone x2  
  47  5:42  Medivac  
  55  5:43  Marine x2  
  55  5:45  Orbital Command  
  55  5:47  SCV  
  58  5:56  Marine  
  59  5:59  SCV  
  56  6:11  SCV  
  56  6:13  Cyclone x2  
  54  6:23  Marine x3, SCV  
  58  6:29  SCV  
  59  6:35  SCV  
  59  6:38  Medivac  
  62  6:41  Marine x3, SCV  
  66  6:52  Barracks, SCV  
  66  6:53  SCV  
  68  6:55  Terran Infantry Armor Level 1  
  68  6:59  Marine, Refinery  
  69  7:01  Refinery  
  69  7:02  Marine  
  70  7:08  Combat Shields  
  70  7:26  Supply Depot  
  70  7:47  Marine x3  
  70  7:48  Medivac, Supply Depot  
  69  7:58  Marine  
  66  8:03  Cyclone x2  
  66  8:05  Marine x3  
  73  8:10  Supply Depot  
  76  8:16  Marine  
  76  8:17  Medivac  
  77  8:23  Marine x3  
  78  8:34  Marine  
  75  8:41  Marine x3  
Tags
 
Composition
MMM Bio
League
GoldGold
Matchup
PvT
Spawn Locations
Cross Positions
Add a new tag
Caveats
  • Supply blocks, unpowered buildings, or Contaminate may cause inaccurate times.
  • Supply counts are checked every 10 seconds.